 Seeded DCSS version 0.30.0-20-g3b4254fcbd (webtiles) character file.

Game seed: 3030252869677438109 (custom seed)

1700 RascalDebosk the Magician (level 9, -2/65 HPs)
             Began as a Djinni Warper on June 1, 2023.
             Was an Initiate of Ashenzari.
             Shot with an arrow by a centaur (3 damage)
             ... while paralysed by a centaur
             ... on level 8 of the Dungeon on June 2, 2023.
             The game lasted 00:50:27 (6711 turns).

RascalDebosk the Magician (Djinni Warper)           Turns: 6711, Time: 00:50:28

Health: -2/65      AC:  6    Str: 12    XL:     9   Next: 23%
Gold:   248        EV:  2    Int: 19    God:    Ashenzari [......] SH:  0 Dex: 19

rFire   + + .        y - +7 great sword "Killer Klown's Curse" {venom, rElec rPois rCorr Str+2}
rCold   x . .        (shield currently unavailable)
rNeg    . . .        b - +0 leather armour
rPois   ∞            e - +0 helmet
rElec   +            H - +0 cloak
rCorr   +            (no gloves)
SInv    .            (boots unavailable)
Will    .....        (no amulet)
Stlth   +            C - +5 ring of evasion
HPRegen 0.30/turn    E - +6 ring of dexterity
MPRegen 0.00/turn

%: infuse magic (-3 HP)
@: paralysed, flying, very slightly contaminated
A: sickness immunity, fire resistance 2, cold vulnerability 1, float, innate
caster, HP casting, extra vitality 1
a: Renounce Religion, Curse Item


You were on level 8 of the Dungeon.
You worshipped Ashenzari.
Ashenzari was noncommittal.
You visited 2 branches of the dungeon, and saw 9 of its levels.

You collected 523 gold pieces.
You spent 275 gold pieces at shops.

Inventory:

Hand Weapons
 w - the +10 mace of Sulphur {heavy, rElec Dex+3 Stlth-}
   (You found it on level 3 of the Dungeon)

   Dex:       It affects your dexterity (+3).
   rElec:     It insulates you from electricity.
   Stlth:     It makes you less stealthy.
 y - the +7 great sword "Killer Klown's Curse" (weapon) {venom, rElec rPois rCorr Str+2}
   (You bought it in a shop on level 3 of the Dungeon)

   Str:       It affects your strength (+2).
   rElec:     It insulates you from electricity.
   rPois:     It protects you from poison.
   rCorr:     It protects you from acid and corrosion.
Missiles
 d - 7 boomerangs of dispersal (quivered)
 F - a throwing net {@!f}
 I - 2 boomerangs
Armour
 b - a +0 leather armour (worn)
 e - a +0 helmet (worn)
 h - +0 pearl dragon scales
 x - a +0 kite shield
 H - a +0 cloak (worn)
Jewellery
 C - a +5 ring of evasion (left hand)
 E - a +6 ring of dexterity (right hand)
Wands
 i - a wand of flame (9)
 A - a wand of mindburst (7)
Scrolls
 f - 4 scrolls of magic mapping
 g - a scroll of blinking
 n - 2 scrolls of fear
 r - a scroll of enchant weapon {unknown}
 s - a scroll of poison {unknown}
 t - 6 scrolls of teleportation
 u - 3 scrolls of noise
 v - 3 scrolls of immolation
 B - a scroll of enchant armour
 D - a scroll of silence {unknown}
Potions
 a - 2 potions of invisibility
 c - 2 potions of degeneration
 j - 6 potions of curing
 k - 6 potions of heal wounds
 l - a potion of cancellation
 m - a potion of mutation
 o - 2 potions of resistance {unknown}
 p - 5 potions of brilliance {unknown}
 q - 5 potions of attraction
 z - 3 potions of lignification {unknown}
 G - a potion of magic {unknown}
 J - a potion of flight {unknown}


   Skills:
 + Level 5.5 Fighting
 - Level 1.7 Long Blades
 - Level 0.7 Throwing
 + Level 5.1 Armour
 - Level 2.1 Dodging
 * Level 6.9 Spellcasting


You knew the following spells:

 Your Spells              Type           Power      Damage    Failure   Level
a - Blink                 Tloc           66%        N/A       1%          2
b - Lesser Beckoning      Tloc           66%        N/A       1%          2
c - Vhi's Electric Charg  Tloc/Air       66%        N/A       2%          3
d - Teleport Other        Tloc           33%        N/A       2%          3
e - Manifold Assault      Tloc           33%        N/A       8%          4
f - Sandblast             Erth           66%        2d15      1%          1
g - Wereblood             Tmut           33%        N/A       1%          2
h - Ozocubu's Armour      Ice            33%        N/A       2%          3
i - Animate Dead          Necr           33%        N/A       8%          4
Your spell library was empty.

Dungeon Overview and Level Annotations

Branches:
Dungeon (8/15)             Temple (1/1) D:4
   Lair: D:8-11

Altars:
Ashenzari
Elyvilon
Fedhas
Gozag
Makhleb
Nemelex Xobeh
Qazlal
Wu Jian
Xom
The Shining One

Shops:
D:2 [   D:3 (   D:6 :?((   D:7 *


Innate Abilities, Weirdness & Mutations

You are immune to sickness and miasma.
You are immune to poison.
Your flesh is very heat resistant. (rF++)
You are vulnerable to cold. (rC-)
You float through the air rather than walking.
You learn spells naturally, not from books.
Your magical power is your life essence.
You have superior vitality. (+4 MHP)


Message History

n - 2 scrolls of fear (gained 1)
There is a stone staircase leading up here.
J - an amethyst potion
Found a flail.
Found 8 stones.
An ice beast comes into view.
Found 21 gold pieces, a book of the Earth and a potion of heal wounds.
The ice beast moves out of view.
Found 31 gold pieces.
Casting: Manifold Assault (dangerous; 9% risk of failure)
Confirm with . or Enter, or press ? or * to list all spells.
Space momentarily warps into an impossible shape!
You closely miss the ice beast.
Casting: Manifold Assault (dangerous; 9% risk of failure)
Confirm with . or Enter, or press ? or * to list all spells.
Space momentarily warps into an impossible shape!
You slash the ice beast!
You hear a shout!
A centaur comes into view.
Casting: Manifold Assault (dangerous; 9% risk of failure)
Confirm with . or Enter, or press ? or * to list all spells.
Space momentarily warps into an impossible shape!
You completely miss the centaur. You slash the ice beast!
The ice beast is poisoned.
The centaur wields a +0 shortbow.
The centaur shoots an arrow.
The arrow hits you.
The centaur shoots an arrow.
The arrow barely misses you.
The centaur shoots an arrow.
The arrow barely misses you.
Casting: Manifold Assault (dangerous; 9% risk of failure)
Confirm with . or Enter, or press ? or * to list all spells.
Space momentarily warps into an impossible shape!
You closely miss the ice beast. You hit the centaur.
The centaur is poisoned.
You kill the ice beast!
The centaur shoots an arrow.
The arrow barely misses you.
Your Armour skill increases to level 5!
Casting: Manifold Assault (dangerous; 8% risk of failure)
Confirm with . or Enter, or press ? or * to list all spells.
Aiming: Sandblast (safe; 1% risk of failure)
Press: ? - help, Shift-Dir - straight line, f - centaur
Aim: a centaur, wielding a +0 shortbow (heavily wounded, very poisoned, 90% to hit)
The blast of sand hits the centaur.
The centaur is heavily wounded.
The centaur shoots an arrow.
The arrow completely misses you.
Casting: Sandblast (safe; 1% risk of failure)
Confirm with . or Enter, or press ? or * to list all spells.
Aiming: Sandblast (safe; 1% risk of failure)
Press: ? - help, Shift-Dir - straight line, f/p - centaur
Aim: a centaur, wielding a +0 shortbow (heavily wounded, very poisoned, 90% to hit)
The blast of sand hits the centaur!
You kill the centaur!
HP restored.
You now have 212 gold pieces (gained 12).
You see here a +0 pair of boots.
You now have enough gold to buy a +1 cloak of stealth on D:2.
You can access your shopping list by pressing '$'.
You now have 233 gold pieces (gained 21).
k - 6 potions of heal wounds (gained 1)
Found 2 atropa-tipped darts.
c - 2 potions of degeneration (gained 1)
You see here 8 stones.
You see here a book of the Earth.
Found a stone staircase leading down.
You now have 248 gold pieces (gained 15).
A centaur comes into view.
It is wielding a +0 flail and carrying a wand of paralysis (7).
Casting: Sandblast (safe; 1% risk of failure)
Confirm with . or Enter, or press ? or * to list all spells.
You miscast Manifold Assault.
You are very lightly contaminated with residual magic.
Nothing appears to happen.
The centaur shouts!
The centaur unwields a +0 flail.
The centaur wields a +0 shortbow.
The centaur shoots an arrow.
The arrow barely misses you.
Casting: Manifold Assault (dangerous; 8% risk of failure)
Confirm with . or Enter, or press ? or * to list all spells.
You miscast Manifold Assault.
Nothing appears to happen.
The centaur shoots an arrow.
The arrow hits you!
The centaur zaps a wand.
You easily resist.
Casting: Manifold Assault (dangerous; 8% risk of failure)
Confirm with . or Enter, or press ? or * to list all spells.
Space momentarily warps into an impossible shape!
You barely miss the centaur.
The centaur shoots an arrow.
The arrow barely misses you.
The centaur shoots an arrow.
The arrow hits you.
Casting: Manifold Assault (dangerous; 8% risk of failure)
Confirm with . or Enter, or press ? or * to list all spells.
Space momentarily warps into an impossible shape!
You hit the centaur but do no damage.
The centaur zaps a wand.
You suddenly lose the ability to move!
The centaur shoots an arrow.
The arrow hits you!
* * * LOW HITPOINT WARNING * * *
The centaur shoots an arrow.
The arrow hits you!
* * * LOW HITPOINT WARNING * * *
The centaur shoots an arrow.
The arrow hits you!
* * * LOW HITPOINT WARNING * * *
The centaur shoots an arrow.
The arrow hits you.
* * * LOW HITPOINT WARNING * * *
The centaur shoots an arrow.
The arrow hits you!
* * * LOW HITPOINT WARNING * * *
The centaur shoots an arrow.
The arrow hits you.
You die...

.#....... .....##
.......### #.....
#.. .....# #.....
#.. #...####.....
#.. +...##.......
#..#+#......#.....
#...)....####.<...
#######...[..#
#.....
#....@:(....)#
######
..[............#
>...(.....#.#.##
.................#
..#.$.....#.##.###
...###......# ..#
... #.#....# #.#
.. ....c.... ..
##......# ##.


You could see a centaur.

Vanquished Creatures
  Menkaure (D:7)
  A water moccasin (D:5)
  An ice beast (D:8)
  2 black bears
  2 centaurs
  4 phantoms
  A bullfrog (D:7)
  3 scorpions
  A howler monkey (D:6)
  2 hounds
  2 orc priests (D:7)
  A jelly (D:5)
  Crazy Yiuf (D:5)
  Jessica (D:2)
  An iguana (D:6)
  2 orc wizards
  Robin (D:2)
  3 gnolls (D:6)
  5 adders
  A shadow imp (D:6)
  An ufetubus (D:4)
  A dart slug (D:5)
  12 orcs
  5 ball pythons
  6 endoplasms
  7 giant cockroaches
  13 goblins
  9 hobgoblins
  4 jackals (D:4)
  9 kobolds
  6 quokkas
  8 bats
  4 frilled lizards
  8 rats
129 creatures vanquished.

Vanquished Creatures (others)
  5 dream sheep (D:3)
5 creatures vanquished.

Grand Total: 134 creatures vanquished

Notes
Turn   | Place    | Note
-------+----------+-------------------------------------------
     0 | D:1      | RascalDebosk the Djinni Warper began the quest for the Orb.
     0 | D:1      | RascalDebosk set off with the following spells memorised:
                  | Blink, Lesser Beckoning, Vhi's Electric Charge, Teleport
                  | Other, Manifold Assault.
     0 | D:1      | Reached XP level 1. HP: 18/18 MP: 0/0
   113 | D:1      | Reached XP level 2. HP: 22/23 MP: 0/0
   156 | D:1      | Reached skill level 3 in Spellcasting
   408 | D:1      | Reached XP level 3. HP: 28/28 MP: 0/0
   408 | D:1      | Learned a level 1 spell: Sandblast
   940 | D:2      | Noticed Jessica
   942 | D:2      | Killed Jessica
   943 | D:2      | Reached XP level 4. HP: 25/33 MP: 0/0
  1340 | D:2      | Found Oziru's Armour Emporium.
  1494 | D:2      | Reached skill level 4 in Spellcasting
  1539 | D:2      | Noticed Robin
  1668 | D:2      | Reached XP level 5. HP: 23/38 MP: 0/0
  1668 | D:2      | Learned a level 2 spell: Wereblood
  1676 | D:2      | Killed Robin
  2083 | D:3      | Upgraded the game from 0.30.0-19-g36f170ea60 to
                  | 0.30.0-20-g3b4254fcbd
  2102 | D:3      | Noticed a phantom
  2122 | D:3      | Killed a phantom
  2123 | D:3      | Reached XP level 6. HP: 12/45 MP: 0/0
  2294 | D:3      | Found a faded altar of an unknown god.
  2362 | D:3      | Found a sparkling altar of Nemelex Xobeh.
  2417 | D:3      | Found Ziebb's Antique Weapon Emporium.
  2563 | D:3      | Noticed a dream sheep
  2563 | D:3      | Noticed a dream sheep
  2563 | D:3      | Noticed a dream sheep
  2563 | D:3      | Noticed a dream sheep
  2563 | D:3      | Noticed a dream sheep
  2563 | D:3      | Found a shimmering altar of Xom.
  2567 | D:3      | Killed a dream sheep
  2567 | D:3      | Killed a dream sheep
  2567 | D:3      | Killed a dream sheep
  2567 | D:3      | Killed a dream sheep
  2567 | D:3      | Killed a dream sheep
  2706 | D:3      | Identified the +10 mace of Sulphur {heavy, rElec Dex+3
                  | Stlth-}
  2993 | D:3      | Found a glowing golden altar of the Shining One.
  3211 | D:4      | Found a staircase to the Ecumenical Temple.
  3222 | Temple   | Entered the Ecumenical Temple
  3228 | Temple   | Became a worshipper of Ashenzari the Shackled
  3540 | D:3      | Bought a smoking great sword for 218 gold pieces
  3540 | D:3      | Identified the +7 great sword "Killer Klown's Curse"
                  | {venom, rElec rPois rCorr Str+2} (You bought it in a shop
                  | on level 3 of the Dungeon)
  3625 | D:4      | Identified the +4 war axe of Destruction {protect, Str+3
                  | SInv}
  4038 | D:5      | Entered Level 5 of the Dungeon
  4052 | D:5      | Reached XP level 7. HP: 50/50 MP: 0/0
  4052 | D:5      | Learned a level 3 spell: Ozocubu's Armour
  4077 | D:5      | Reached skill level 5 in Spellcasting
  4083 | D:5      | Noticed a water moccasin
  4096 | D:5      | Killed a water moccasin
  4805 | D:5      | Found a runed translucent door.
  4806 | D:5      | Noticed Crazy Yiuf
  4812 | D:5      | Killed Crazy Yiuf
  5013 | D:5      | Reached XP level 8. HP: 58/58 MP: 0/0
  5169 | D:6      | Found Xodwot's Magic Scroll Shoppe.
  5185 | D:6      | Bought a scroll of teleportation for 33 gold pieces
  5318 | D:6      | Reached skill level 6 in Spellcasting
  5404 | D:6      | Found Goresibb's Antique Weapon Boutique.
  5419 | D:6      | Found Jaynain's Antique Weapon Shoppe.
  5496 | D:6      | Found Picuym's Book Shop.
  6065 | D:7      | Reached skill level 5 in Fighting
  6174 | D:7      | Noticed Menkaure
  6177 | D:7      | Killed Menkaure
  6178 | D:7      | Reached XP level 9. HP: 32/65 MP: 0/0
  6178 | D:7      | Learned a level 4 spell: Animate Dead
  6322 | D:7      | Found Gegi's Assorted Antiques.
  6330 | D:7      | Bought a viscous green potion for 24 gold pieces
  6627 | D:8      | Reached skill level 5 in Armour
  6708 | D:8      | Paralysed by a centaur for 4 turns
  6710 | D:8      | HP: 1/65 [centaur/arrow (8)]
  6711 | D:8      | Shot with an arrow by a centaur

Illustrated notes

Levels and vault maps discovered:
D:1:      onia_arrival_mini_spirals, layout_loops_ring, nrook_campfire
D:2:      minmay_alternating_diamond, layout_loops_cross, serial_aquarium,
          aquarium_bridge_long_joined [aquarium_subvault_wall,
          aquarium_subvault_bridge, aquarium_subvault_wall,
          aquarium_subvault_balcony, aquarium_subvault_wall,
          aquarium_subvault_wall], aquarium_bridge_square
          [aquarium_subvault_bridge, aquarium_subvault_bridge,
          aquarium_subvault_balcony, aquarium_subvault_balcony],
          aquarium_window_fake, aquarium_window_fake, aquarium_view_2f,
          aquarium_view_2g, aquarium_pool_corner, serial_shops,
          nicolae_shop_hallway_stairs, kennysheep_generic_room_2, uniq_jessica,
          uniq_robin
D:3:      layout_basic, mainiacjoe_overflow_alcove_1, lemuel_doored_altar,
          kb_xom_exploding_sheep, shapermc_ecumenical_altar_mp_urbaneastern,
          serial_shops, nicolae_square_shop
D:4:      layout_basic, minmay_temple_entry_junction_2
D:5:      layout_basic, uniq_crazy_yiuf_cottage
D:6:      layout_basic, serial_shops, shop, nicolae_shop_getting_attention,
          shop, shop, minivault_27
D:7:      layout_loops_ring, serial_shops, nicolae_shop_waterfront,
          uniq_menkaure
D:8:      layout_rooms, kennysheep_mini_moat, minitemple,
          nicolae_figureground_sparkle
Temple:   compressed_dpeg_circular_temple

Skill      XL: |  1  2  3  4  5  6  7  8  9 |
---------------+----------------------------+-----
Spellcasting   | 3 4 5 6 |  6.9
Armour         | 2 3 4 5 |  5.1
Fighting       | 3 4 5 |  5.5
Long Blades    | |  1.7
Throwing       | |  0.7
Dodging        | |  2.1

Action                     |  1- 3 |  4- 6 |  7- 9 || total
---------------------------+-------+-------+-------++-------
  Melee: Falchion          |    80 |   132 |       ||   212
         Mace              |       |    40 |       ||    40
         Great sword       |       |    14 |    78 ||    92
   Cast: Sandblast         |     3 |    16 |     5 ||    24
         Manifold Assault  |       |     4 |    28 ||    32
         Blink             |       |     1 |       ||     1
         Ozocubu's Armour  |       |       |     1 ||     1
    Use: Scroll            |       |       |    12 ||    12
   Stab: Sleeping          |     1 |       |       ||     1
 Armour: Leather armour    |    25 |    70 |    13 ||   108
  Dodge: Dodged            |    61 |   128 |    55 ||   244
